 Dungeon Crawl Stone Soup version 0.17.1-3-g152610e (webtiles) character file.

927 jacquesderrida the Summoner (level 7, -1/46 HPs)
             Began as a Demonspawn Summoner on Apr 27, 2016.
             Was an Initiate of Ashenzari.
             Succumbed to a killer bee's poison
             ... on level 7 of the Dungeon.
             The game lasted 00:15:48 (2344 turns).

jacquesderrida the Summoner (Demonspawn Summoner)   Turns: 2344, Time: 00:15:48

Health: -1/46      AC:  5    Str: 10    XL:     7   Next: 85%
Magic:  13/13      EV: 14    Int: 22    God:    Ashenzari [......]
Gold:   304        SH:  0    Dex: 13    Spells: 5 memorised, 1 level left

rFire  + . .     SeeInvis .     C - +2 spear (venom)
rCold  + . .     Clarity  .     a - +0 robe
rNeg   . . .     SustAt   .     (no shield)
rPois  .         Gourm    .     (helmet restricted)
rElec  .         Spirit   .     h - +1 cloak (curse)
rCorr  +         Warding  .     y - +0 pair of gloves (curse)
rMut   .         Stasis   .     (no boots)
MR     .....                    v - amulet of resist corrosion
Stlth  ++........               g - ring of protection from fire (curse)
                                n - ring of protection from cold

@: brilliant, lethally poisoned (-1 -> -27), not resistant to hostile
enchantments, unstealthy
A: antennae 1, repulsion field 1, powered by pain 1, spiny 1
a: Renounce Religion


You were on level 7 of the Dungeon.
You worshipped Ashenzari.
Ashenzari was noncommittal.
You were not hungry.

You visited 1 branch of the dungeon, and saw 7 of its levels.

You collected 304 gold pieces.

Inventory:

Hand Weapons
 C - a +2 spear of venom (weapon)
Missiles
 f - 2 javelins (quivered)
 p - 20 poisoned needles
Armour
 a - a +0 robe (worn)
 h - a cursed +1 cloak (worn)
 y - a cursed +0 pair of gloves (worn)
Jewellery
 g - a cursed ring of protection from fire (right hand)
 n - a ring of protection from cold (left hand)
 v - an amulet of resist corrosion (around neck)
Wands
 G - a wand of disintegration (24)
Scrolls
 d - 2 scrolls of noise
 e - 3 scrolls of recharging
 j - 2 scrolls of teleportation {unknown}
 w - a scroll of fog
Potions
 k - a potion of magic {unknown}
 m - 2 potions of brilliance
 o - a potion of agility {unknown}
 r - 3 potions of lignification
 z - 2 potions of flight
 A - a potion of resistance {unknown}
 B - a potion of haste {unknown}
 F - 2 potions of invisibility {unknown}
Books
 b - a book of Callings

   Spells                             Type                      Level
   a - Summon Small Mammal            Summoning                    1
   b - Call Imp                       Summoning                    2
   c - Call Canine Familiar           Summoning                    3
   d - Summon Guardian Golem          Hexes/Summoning              3
   e - Summon Lightning Spire         Summoning/Air                4
   f - Summon Ice Beast               Ice/Summoning                4
Comestibles
 c - 3 bread rations
 l - 3 chunks of flesh
 t - 2 meat rations


   Skills:
 + Level 3.1 Polearms
 - Level 1.7 Dodging
 - Level 1.7 Stealth
 + Level 4.0 Spellcasting
 + Level 8.1 Summonings
 + Level 1.1 Ice Magic


You had one spell level left.
You knew the following spells:

 Your Spells              Type           Power        Failure   Level  Hunger
a - Summon Small Mammal   Summ           ####         1%          1    None
b - Call Imp              Summ           ######..     1%          2    #......
c - Call Canine Familiar  Summ           ######..     1%          3    ###....
d - Summon Guardian Gole  Hex/Summ       #####...     1%          3    ###....
e - Summon Ice Beast      Ice/Summ       #####...     2%          4    ####...


Dungeon Overview and Level Annotations

Branches:
Dungeon (7/15)
 Temple: D:4-7

Altars:
Ashenzari
Cheibriados
Dithmenos
Xom
The Shining One

Shops:
D:7 :[==


Innate Abilities, Weirdness & Mutations

You have a pair of small antennae on your head.
You are surrounded by a mild repulsion field (EV +2).
You sometimes gain a little power by taking damage.
You are partially covered in sharp spines.


Message History

Ashenzari preserves the curse.
You feel sick. The killer bee closely misses you.
The killer bee is struck by your spines.
The killer bee completely misses you.
The killer bee is struck by your spines.
The killer bee misses you.
The killer bee is struck by your spines.
The killer bee stings you.
* * * LOW HITPOINT WARNING * * *
You are more poisoned.
The killer bee poisons you! The killer bee closely misses you.
The killer bee stings you.
* * * LOW HITPOINT WARNING * * *
The killer bee stings you.
* * * LOW HITPOINT WARNING * * *
Unknown command.
Drink which item? (? for menu, Esc to quit)
It was a potion of brilliance.
You feel clever all of a sudden.
You die...

#....)# ......# .
###.....#
...........#
...##......#
....#..<... .
#.......Z########
.#### #...yy.......#
....###...y@.......#
#.......y........#
#........∩.......#
#..[.............#
#................#
#................#
#................#
#.###............#
##### #.#
####..########


You could see 4 killer bees and a worker ant zombie (inner flame).

Vanquished Creatures
  Eustachio (D:5)
  An ice beast (D:5)
  A phantom (D:5)
  An ogre (D:4)
  2 crimson imps
  An orc wizard (D:3)
  3 worker ants
  2 adders
  A shadow imp (D:7)
  An adder zombie (D:6)
  An adder skeleton (D:4)
  A worm (D:6)
  3 orcs
  A bat (D:3)
  2 giant cockroaches
  A hobgoblin (D:3)
  3 giant newts
  A rat (D:3)
27 creatures vanquished.

Vanquished Creatures (collateral kills)
  A hungry ghost (D:7)
  A phantom (D:6)
  An ogre (D:4)
  A crimson imp (D:6)
  A jelly (D:6)
  An iguana (D:5)
  A worker ant (D:5)
  2 orc wizards (D:6)
  A hound zombie (D:6)
  4 gnolls (D:5)
  2 adders
  A giant gecko (D:3)
  4 orcs
  A giant cockroach (D:1)
  5 hobgoblins
  2 kobolds
  A quokka (D:4)
  A ball python (D:7)
  A bat (D:1)
  A giant gecko zombie (D:5)
  A giant newt (D:1)
  2 goblins (D:2)
  2 jackals (D:1)
38 creatures vanquished.

Grand Total: 65 creatures vanquished

Notes
Turn   | Place    | Note
--------------------------------------------------------------
     0 | D:1      | jacquesderrida the Demonspawn Summoner began the quest for the Orb.
     0 | D:1      | Reached XP level 1. HP: 13/13 MP: 3/3
   471 | D:3      | Gained mutation: You are partially covered in sharp spines. [demonic ancestry]
   471 | D:3      | Reached XP level 2. HP: 16/19 MP: 0/5
   596 | D:3      | Noticed an orc wizard
   648 | D:3      | Killed an orc wizard
   648 | D:3      | Reached skill level 5 in Summonings
   648 | D:3      | Gained mutation: You sometimes gain a little power by taking damage. [demonic ancestry]
   648 | D:3      | Reached XP level 3. HP: 3/24 MP: 1/6
   745 | D:3      | Learned a level 2 spell: Call Imp
   749 | D:3      | Learned a level 3 spell: Call Canine Familiar
   908 | D:3      | Found a shadowy altar of Dithmenos.
  1014 | D:4      | Noticed an ogre
  1029 | D:4      | Killed an ogre
  1029 | D:4      | Reached skill level 6 in Summonings
  1029 | D:4      | Reached XP level 4. HP: 30/30 MP: 1/7
  1142 | D:4      | Noticed an ogre
  1155 | D:4      | Killed an ogre
  1155 | D:4      | Reached XP level 5. HP: 35/35 MP: 5/8
  1243 | D:5      | Entered Level 5 of the Dungeon
  1399 | D:5      | Reached skill level 7 in Summonings
  1422 | D:5      | Found a glowing golden altar of the Shining One.
  1586 | D:5      | Noticed a phantom
  1632 | D:5      | Noticed Eustachio
  1645 | D:5      | Killed Eustachio
  1645 | D:5      | Reached skill level 1 in Polearms
  1645 | D:5      | Gained mutation: You are surrounded by a mild repulsion field (EV +2). [demonic ancestry]
  1645 | D:5      | Reached XP level 6. HP: 35/41 MP: 1/9
  1683 | D:5      | Noticed an ice beast
  1699 | D:5      | Killed an ice beast
  1764 | D:5      | Killed a phantom
  1764 | D:5      | Gained mutation: You have a pair of small antennae on your head. [demonic ancestry]
  1764 | D:5      | Reached XP level 7. HP: 38/46 MP: 6/11
  1881 | D:6      | Found a snail-covered altar of Cheibriados.
  1895 | D:6      | Learned a level 3 spell: Summon Guardian Golem
  1975 | D:6      | Found a shimmering altar of Xom.
  1975 | D:6      | Found a shattered altar of Ashenzari.
  1978 | D:6      | Became a worshipper of Ashenzari the Shackled
  2092 | D:6      | Learned a level 4 spell: Summon Ice Beast
  2164 | D:6      | Reached skill level 8 in Summonings
  2238 | D:7      | Found Fetabb's Armour Boutique.
  2254 | D:7      | Reached skill level 1 in Ice Magic
  2272 | D:7      | Found Mutae's Book Shoppe.
  2288 | D:7      | Found Worrom's Jewellery Emporium.
  2309 | D:7      | Found Zyokut's Jewellery Emporium.
  2343 | D:7      | HP: 1/46 [killer bee (5)]
  2344 | D:7      | Succumbed to a killer bee's poison

Action                   |  1- 3 |  4- 6 |  7- 9 || total
-------------------------+-------+-------+-------++-------
Melee: Unarmed           |     5 |       |       ||     5
       Short sword       |    11 |     3 |       ||    14
       Spear             |       |    38 |    60 ||    98
Throw: Javelin           |     4 |     5 |     1 ||    10
 Cast: Summon Small Mamm |    43 |     1 |       ||    44
       Call Imp          |     4 |    12 |     1 ||    17
       Call Canine Famil |     1 |    11 |     7 ||    19
       Summon Guardian G |       |       |     4 ||     4
  Use: Scroll            |       |       |    14 ||    14
       Potion            |       |       |     1 ||     1
 Stab: Sleeping          |     2 |       |     2 ||     4
       Distracted        |       |     1 |     1 ||     2
  Eat: Chunk             |     1 |     4 |     1 ||     6
       Pizza             |       |       |     1 ||     1
       Beef jerky        |       |       |     1 ||     1
